 Dungeon Crawl Stone Soup version 0.26.1-11-gd32895ea62 (webtiles) character file.

Game seed: 2606498500040334690

2029 Zeld the Changer (level 9, 0/60 (62) HPs)
             Began as an Octopode Transmuter on Sept 10, 2021.
             Slain by Maggie
             ... wielding a +1 glaive of draining
              (10 damage)
             ... on level 6 of the Dungeon.
             The game lasted 00:13:00 (11552 turns).

Zeld the Changer (Octopode Transmuter)             Turns: 11552, Time: 00:13:02

HP:   0/60 (62)     AC:  2    Str: 12    XL:     9   Next: 23%
MP:   13/15         EV: 23    Int: 15    God:
Gold: 219           SH:  0    Dex: 18    Spells: 2/17 levels left

rFire    . . .     SeeInvis .     - Unarmed
rCold    . . .     Faith    .   (shield currently unavailable)
rNeg     . . .     Spirit   .   (helmet currently unavailable)
rPois    x         Reflect  .   (no amulet)
rElec    .         Harm     .   (no ring)
rCorr    .         Rampage  .   (no ring)
Will     .....                  (no ring)
Stlth    ++........             (no ring)
HPRegen  0.20/turn              (no ring)
MPRegen  0.14/turn              (no ring)
                                (no ring)
                                (no ring)

@: lethally poisoned (0 -> -1), spider-form, mesmerised, lightly drained
A: tiny, almost no armour, stealthy swim, (amphibious), 8 rings, (constrict 8)
a: End Transformation


You were on level 6 of the Dungeon.
You were a venomous arachnid creature.
You visited 1 branch of the dungeon, and saw 6 of its levels.

You collected 219 gold pieces.

Inventory:

Jewellery
 w - an uncursed ring of ice {unknown}
 A - an uncursed ring of protection from cold {unknown}
Wands
 k - a wand of polymorph (15)
 p - a wand of paralysis (10)
 t - a wand of digging (5)
 u - a wand of flame (18)
Scrolls
 a - 2 scrolls of immolation {unknown}
 b - 2 scrolls of fear {unknown}
 c - 2 scrolls of magic mapping {unknown}
 f - 4 scrolls of fog {unknown}
 g - 3 scrolls of amnesia {unknown}
 i - 6 scrolls of identify {unknown}
 n - 2 scrolls of blinking {unknown}
 v - a scroll of teleportation {unknown}
 x - a scroll of noise {unknown}
 y - 2 scrolls of remove curse {unknown}
 z - 2 scrolls of enchant armour {unknown}
Potions
 d - 2 potions of degeneration {unknown}
 e - 3 potions of curing {unknown}
 h - 2 potions of invisibility {unknown}
 j - 2 potions of mutation {unknown}
 l - 2 potions of flight {unknown}
 m - 2 potions of heal wounds {unknown}
 o - 2 potions of ambrosia {unknown}
 q - a potion of lignification {unknown}
 r - 2 potions of attraction {unknown}
 s - a potion of haste
 B - a potion of magic {unknown}


   Skills:
 * Level 6.2 Fighting
 + Level 4.8 Dodging
 - Level 3.0 Unarmed Combat
 + Level 4.5 Spellcasting
 * Level 6.8 Transmutations
 - Level 3.0 Ice Magic
 - Level 3.0 Poison Magic


You had 2 spell levels left.
You knew the following spells:

 Your Spells              Type           Power        Failure   Level
a - Beastly Appendage     Tmut           46%          5%          1
b - Wereblood             Tmut           23%          7%          2
c - Spider Form           Tmut/Pois      9%           19%         3
d - Ice Form              Ice/Tmut       18%          43%         4
e - Blade Hands           Tmut           11%          50%         5

Your spell library contained the following spells:

 Spells                   Type           Power        Failure   Level
 Corona                   Hex            3%           36%         1
 Slow                     Hex            3%           47%         2
 Inner Flame              Hex/Fire       3%           67%         3
 Portal Projectile        Hex/Tloc       6%           67%         3
 Cause Fear               Hex            1%           95%         4
 Leda's Liquefaction      Hex/Erth       1%           95%         4


Dungeon Overview and Level Annotations

Branches:
Dungeon (6/15)
 Temple: D:4-7

Altars:
Fedhas
Makhleb
Nemelex Xobeh
Okawaru
Qazlal
Ru
Xom
Yredelemnul

Annotations:
D:6 Maggie


Innate Abilities, Weirdness & Mutations

You cannot wear most types of armour.
You are very stealthy in the water. (Stealth+)
((You are amphibious.))
You can wear up to eight rings at the same time.
((You can use your tentacles to constrict eight enemies at once.))
((Your skin changes colour to match your surroundings (Stealth+).))
((Your rubbery body absorbs attacks. (AC +1, EV +1)))


Message History

You are too injured to fight recklessly!
You are too injured to fight recklessly!
You are too injured to fight recklessly!
You hit Maggie but do no damage.
Maggie is lightly wounded.
The adder completely misses you. Maggie closely misses you.
You hit Maggie.
Maggie is poisoned.
Maggie is lightly wounded.
The adder barely misses you. The adder completely misses you.
You hit Maggie.
Maggie is lightly wounded.
You feel sick. Maggie closely misses you. The adder bites you.
* * * LOW HITPOINT WARNING * * *
You hit Maggie but do no damage.
Maggie is lightly wounded.
The adder bites you.
* * * LOW HITPOINT WARNING * * *
You hear a distant slurping noise.
Maggie hits you with a +1 glaive of draining!
You die...

.....)...........#.............#
.##.####...##....#.....##......#
.##)#########...##.....##......#
...........#....##.....##.......#
...........#.....+..............+
...........##...##..............#
...........##...##.............##
..........)#....#..............#
...........#....s......##......#
.....#.....##..S#@.....#
.....#######....#....... ####.#
#..####...... ### ##. .....# ..
.?...# #.. ....# ?....


You could see Maggie (mesmerising, very poisoned) and an adder.

Vanquished Creatures
  Grinder (D:3)
  Sigmund (D:4)
  Eustachio (D:5)
  A sky beast (D:6)
  2 phantoms (D:5)
  2 ogres
  A centaur (D:6)
  A bullfrog (D:6)
  2 scorpions (D:6)
  A howler monkey (D:6)
  3 wights
  Crazy Yiuf (D:3)
  3 orc priests
  2 bullfrog skeletons
  A jelly (D:5)
  4 orc wizards
  Jessica (D:3)
  4 worker ants
  2 hound skeletons (D:4)
  10 gnolls
  4 adders
  A white imp (D:5)
  An ufetubus (D:5)
  An ooze (D:1)
  2 dart slugs
  2 leopard geckos
  15 orcs
  3 giant cockroaches
  8 goblins
  6 hobgoblins
  8 jackals
  3 quokkas
  A ball python (D:4)
  A ball python skeleton (D:4)
  4 bats
  6 frilled lizards
  11 kobolds
  9 rats
130 creatures vanquished.

Vanquished Creatures (others)
  3 plants (D:6)
3 creatures vanquished.

Grand Total: 133 creatures vanquished

Notes
Turn   | Place    | Note
-------+----------+-------------------------------------------
     0 | D:1      | Zeld the Octopode Transmuter began the quest for the Orb.
     0 | D:1      | Reached XP level 1. HP: 13/13 MP: 3/3
    63 | D:1      | You fall into a shaft and drop 1 floor!
   333 | D:1      | Reached XP level 2. HP: 17/18 MP: 3/5
   361 | D:1      | Learned a level 2 spell: Wereblood
   979 | D:1      | Reached XP level 3. HP: 23/24 MP: 4/6
   983 | D:1      | Learned a level 3 spell: Spider Form
  2579 | D:2      | Reached XP level 4. HP: 21/29 MP: 4/7
  2711 | D:2      | Found a shimmering altar of Xom.
  2745 | D:2      | Found a burning altar of Makhleb.
  2748 | D:2      | Found an iron altar of Okawaru.
  2756 | D:2      | Found a basalt altar of Yredelemnul.
  2852 | D:2      | Reached skill level 1 in Poison Magic
  4024 | D:3      | Reached XP level 5. HP: 32/35 MP: 6/8
  4542 | D:3      | Noticed Jessica
  4549 | D:3      | Killed Jessica
  4650 | D:3      | Noticed Grinder
  4675 | D:3      | Paralysed by Grinder for 5 turns
  4681 | D:3      | Killed Grinder
  4682 | D:3      | Reached XP level 6. HP: 14/42 MP: 6/10
  4687 | D:3      | Learned a level 4 spell: Ice Form
  5164 | D:3      | Found a blossoming altar of Fedhas.
  5164 | D:3      | Found a stormy altar of Qazlal.
  5751 | D:3      | Found a runed translucent door.
  5752 | D:3      | Noticed Crazy Yiuf
  5850 | D:3      | Found a sparkling altar of Nemelex Xobeh.
  6122 | D:3      | Killed Crazy Yiuf
  6123 | D:3      | Reached XP level 7. HP: 46/46 MP: 6/11
  6226 | D:4      | Found a sacrificial altar of Ru.
  6275 | D:4      | Noticed Sigmund
  6737 | D:4      | Killed Sigmund
  6738 | D:4      | Reached skill level 1 in Ice Magic
  7180 | D:5      | Entered Level 5 of the Dungeon
  7508 | D:5      | Noticed Eustachio
  7761 | D:5      | Killed Eustachio
  7762 | D:5      | Reached skill level 5 in Transmutations
  7762 | D:5      | Reached XP level 8. HP: 38/54 MP: 11/13
  9110 | D:5      | Reached skill level 5 in Fighting
 10696 | D:6      | Reached XP level 9. HP: 53/62 MP: 12/15
 10702 | D:6      | Learned a level 5 spell: Blade Hands
 11539 | D:6      | Noticed Maggie
 11552 | D:6      | Slain by Maggie

Illustrated notes

Levels and vault maps discovered:
D:1:      dpeg_arrival_concentric_ovals, layout_basic
D:2:      layout_loops_corners, grunt_temple_overflow_cloverleaf
D:3:      layout_basic, grunt_temple_overflow_forces_of_nature,
          nemelex_diamond_rough_becter, uniq_jessica, uniq_grinder,
          uniq_crazy_yiuf_cottage
D:4:      layout_rooms, nicolae_ru_awakened_eye, uniq_sigmund
D:5:      layout_gridville, uniq_eustachio
D:6:      layout_gridville, minmay_temple_entry_overgrown, uniq_maggie

Skill      XL: |  1  2  3  4  5  6  7  8  9 |
---------------+----------------------------+-----
Fighting       | 2 3 4 5 6 |  6.2
Transmutations | 3 4 5 6 |  6.8
Poison Magic   | 1 2 3 |  3.0
Dodging        | 3 4 |  4.8
Spellcasting   | 3 4 |  4.5
Ice Magic      | 1 3 |  3.0
Unarmed Combat | |  3.0

Action                   |  1- 3 |  4- 6 |  7- 9 || total
-------------------------+-------+-------+-------++-------
Melee: Unarmed           |    59 |   122 |   253 ||   434
       Constrict         |    13 |    23 |     8 ||    44
       Tentacles         |     8 |    14 |     4 ||    26
       Punch             |     4 |     2 |     1 ||     7
       Kick              |     7 |    18 |     6 ||    31
 Cast: Beastly Appendage |    23 |    32 |     4 ||    59
       Spider Form       |     2 |    11 |    33 ||    46
       Wereblood         |       |     3 |     9 ||    12
       Ice Form          |       |       |     4 ||     4
 Stab: Sleeping          |     2 |     2 |       ||     4
Armor: Skin              |     3 |     8 |    17 ||    28
Dodge: Dodged            |    45 |   100 |   264 ||   409
